 Dungeon Crawl Stone Soup version 0.23-a0-386-g9c9d49f (webtiles) character file.

980 Gergoth the Firebug (level 8, -1/41 HPs)
             Began as a Gargoyle Fire Elementalist on Oct 28, 2018.
             Slain by a bullfrog (4 damage)
             ... on level 5 of the Dungeon.
             The game lasted 00:10:28 (5111 turns).

Gergoth the Firebug (Gargoyle Fire Elementalist)    Turns: 5111, Time: 00:10:28

Health: -1/41      AC: 13    Str: 15    XL:     8   Next: 17%
Magic:  8/15       EV: 12    Int: 15    God:
Gold:   273        SH:  0    Dex: 15    Spells: 9/17 levels left

rFire    . . .     SeeInvis .   d - +0 whip
rCold    . . .     Gourm    .   (no shield)
rNeg     + . .     Faith    .   a - +0 robe
rPois    ∞         Spirit   .   (no helmet)
rElec    +         Reflect  .   (no cloak)
rCorr    .         Harm     .   (no gloves)
MR       .....                  p - +0 pair of boots
Stlth    ++........             (no amulet)
HPRegen  0.13/turn              e - +5 ring of dexterity
MPRegen  0.14/turn              o - +5 ring of protection

@: no status effects
A: negative energy resistance 1, electricity resistance, unbreathing,
petrification resistance, rot immunity, AC +5
a: no special abilities


You were on level 5 of the Dungeon.
You were very hungry.

You visited 1 branch of the dungeon, and saw 6 of its levels.

You collected 273 gold pieces.

Inventory:

Hand Weapons
 d - a +0 whip (weapon)
 q - a cursed +3 morningstar
 t - the +7 mace "Ezxusih" {venom, rF+ rC+ MR- Dex+2}
   (You found it on level 5 of the Dungeon)

   It poisons the flesh of those it strikes.
   It affects your dexterity (+2).
   It protects you from fire.
   It protects you from cold.
   It affects your resistance to hostile enchantments.
Armour
 a - a +0 robe (worn)
 j - a +0 ring mail
 p - a +0 pair of boots (worn)
Jewellery
 e - a +5 ring of dexterity (left hand)
 o - a +5 ring of protection (right hand)
Wands
 g - a wand of polymorph (10)
Scrolls
 b - 2 scrolls of identify
 h - 2 scrolls of amnesia
 i - 2 scrolls of enchant armour {unknown}
 k - 2 scrolls of magic mapping
 n - a scroll of teleportation {unknown}
 v - a scroll of remove curse {unknown}
Potions
 f - 2 potions of curing
 l - a potion of degeneration {unknown}
 m - a potion of agility {unknown}
 r - 2 potions of might {unknown}
 s - a potion of brilliance {unknown}
 u - a potion of berserk rage {unknown}
Comestibles
 c - 9 rations


   Skills:
 - Level 1.5 Dodging
 - Level 2.1 Stealth
 + Level 5.2 Spellcasting
 + Level 5.7 Conjurations
 + Level 6.0 Fire Magic


You had 9 spell levels left.
You knew the following spells:

 Your Spells              Type           Power        Failure   Level  Hunger
a - Flame Tongue          Conj/Fire      ###..        1%          1    None
b - Conjure Flame         Conj/Fire      ###.....     4%          3    ###....
c - Sticky Flame          Conj/Fire      ###.....     14%         4    ####...

Your spell library contained the following spells:

 Spells                   Type           Power        Failure   Level  Hunger
 Throw Flame              Conj/Fire      ###...       2%          2    ##.....
 Inner Flame              Hex/Fire       ##......     14%         3    ###....
 Fireball                 Conj/Fire      ###.......   36%         5    ######.


Dungeon Overview and Level Annotations

Branches:
Dungeon (6/15)
 Temple: D:4-7

Altars:
Nemelex Xobeh
Okawaru
Qazlal
Xom

Annotations:
D:3 Ijyb


Innate Abilities, Weirdness & Mutations

You are resistant to torment.
Your stone body is resilient. (AC +5)
You are immune to poison.
You resist negative energy. (rN+)
You are resistant to electric shocks. (rElec)
You can survive without breathing.
You are immune to petrification.
You are immune to rotting.


Message History

The orc warrior hits you from afar with a +0 glaive!
* * * LOW HITPOINT WARNING * * *
You hit the jackal.
You kill the jackal!
The orc wizard burns! x2; The orc wizard stops burning.
The bullfrog closely misses you. The jackal misses you.
The orc wizard barely misses you. The bullfrog barely misses you.
The orc hits you but does no damage.
The jackal bites you but does no damage.
The orc wizard hits you but does no damage.
The bullfrog barely misses you.
The jackal bites you but does no damage.
The jackal bites you but does no damage.
The orc wizard hits you but does no damage.
The bullfrog barely misses you.
The jackal bites you but does no damage.
Things that are here:
a +0 leather armour; a +1 vampiric short sword The bullfrog hits you.
You die...

##..≈≈§_§§#.....#...............
#.≈§#§≈≈≈#≈..#..........#.#....
#.§≈##≈##§≈.....###.#...#.#....
##...≈...≈≈≈§.##...#.....#..#...
#.......§≈.(..####.......##.....
#......§.....§#.................
#.............#.[........####.#.
#.....#.(..####..........# ##.##
#.....#....##.^@F......#.# #....
#.....#.....[..##h##...#.# #...#
#..........###....[##....# #...#
#>............###o....##.# #...#
#......###.##.###o##.....###...#
##.....##
#.##..................# #.....##
#..#########..##....... #.....#
#..# #...####.... #.....# #..#
#.#......<..


You could see a bullfrog and a jackal.

Vanquished Creatures
  Sigmund (D:2)
  Menkaure (D:5)
  Duvessa (D:5)
  Dowan (D:5)
  A scorpion (D:5)
  3 wights (D:5)
  A bullfrog skeleton (D:5)
  Jessica (D:2)
  Natasha (thrice) (D:2)
  6 worker ants
  A howler monkey zombie (D:5)
  An adder (D:5)
  A shadow imp (D:5)
  2 oozes (D:1)
  An adder skeleton (D:4)
  2 worms
  4 dart slugs
  2 leopard geckos
  2 orcs
  5 bats
  A giant cockroach (D:3)
  3 goblins
  4 hobgoblins
  20 jackals
  7 kobolds
  2 quokkas
  14 frilled lizards
  A jackal skeleton (D:4)
  A leopard gecko skeleton (D:5)
  A quokka skeleton (D:4)
  11 rats
105 creatures vanquished.

Notes
Turn   | Place    | Note
-------+----------+-------------------------------------------
     0 | D:1      | Gergoth the Gargoyle Fire Elementalist began the quest for
                  | the Orb.
     0 | D:1      | Reached XP level 1. HP: 10/10 MP: 3/3
   124 | D:1      | Reached XP level 2. HP: 10/15 MP: 0/5
   542 | D:1      | Reached XP level 3. HP: 19/19 MP: 3/6
  1022 | D:2      | Noticed Sigmund
  1486 | D:3      | Reached XP level 4. HP: 24/24 MP: 8/8
  1622 | D:3      | Found a faded altar of an unknown god.
  1802 | D:3      | Noticed Ijyb
  2182 | D:3      | Found an iron altar of Okawaru.
  2360 | D:4      | Found a shimmering altar of Xom.
  2360 | D:4      | Found a shimmering altar of Xom.
  2362 | D:4      | Found a shimmering altar of Xom.
  2362 | D:4      | Found a shimmering altar of Xom.
  2363 | D:4      | Found a shimmering altar of Xom.
  2416 | D:4      | Learned a level 3 spell: Conjure Flame
  2421 | D:4      | Learned a level 4 spell: Sticky Flame
  2557 | D:4      | Reached skill level 4 in Fire Magic
  2557 | D:4      | Reached XP level 5. HP: 23/28 MP: 4/9
  3381 | D:5      | Entered Level 5 of the Dungeon
  3486 | D:5      | Got a brightly glowing mace
  3494 | D:5      | Reached XP level 6. HP: 32/32 MP: 3/11
  3555 | D:5      | Identified the +7 mace "Ezxusih" {venom, rF+ rC+ MR- Dex+2}
                  | (You found it on level 5 of the Dungeon)
  3705 | D:5      | Noticed Dowan
  3705 | D:5      | Noticed Duvessa
  3807 | D:2      | Noticed Natasha
  3810 | D:2      | Killed Natasha
  3892 | D:2      | Killed Sigmund
  3892 | D:2      | Reached skill level 5 in Fire Magic
  3892 | D:2      | Reached XP level 7. HP: 33/36 MP: 7/13
  3906 | D:2      | Noticed Natasha
  3915 | D:2      | Killed Natasha
  4023 | D:2      | Noticed Jessica
  4026 | D:2      | Killed Jessica
  4261 | D:2      | Noticed Natasha
  4265 | D:2      | Killed Natasha
  4530 | D:5      | Killed Duvessa
  4540 | D:5      | Killed Dowan
  4540 | D:5      | Reached skill level 5 in Conjurations
  4629 | D:5      | Found a sparkling altar of Nemelex Xobeh.
  4692 | D:5      | Found a stormy altar of Qazlal.
  4803 | D:5      | Noticed Menkaure
  4820 | D:5      | Killed Menkaure
  4904 | D:5      | Reached skill level 5 in Spellcasting
  4904 | D:5      | Reached XP level 8. HP: 34/41 MP: 15/15
  4961 | D:5      | Reached skill level 6 in Fire Magic
  5111 | D:5      | Slain by a bullfrog

Vault maps used:
D:1:      lemuel_arrival_behind_the_door_small, minmay_misc_feat_roman,
          chequers_avenue
D:2:      minmay_liquid_box, uniq_jessica, uniq_natasha, uniq_sigmund
D:3:      overflow_temple_1_default, chequers_ecumenical_altar_island,
          minmay_lizard_king, uniq_ijyb
D:4:      first_ration, xom_redecorated
D:5:      nemelex_altar_shiori, corner_web_ring,
          nicolae_qazlal_general_emergency, uniq_menkaure, uniq_duvessa
D:6:      cheibrodos_fzero, minmay_temple_entry_statues_fountains,
          uniq_prince_ribbit1

Skill      XL: |  1  2  3  4  5  6  7  8 |
---------------+-------------------------+-----
Conjurations   | 2 3 4 5 |  5.7
Spellcasting   | 3 4 5 |  5.2
Fire Magic     | 4 5 6 |  6.0
Dodging        | |  1.5
Stealth        | |  2.1

Action                   |  1- 3 |  4- 6 |  7- 9 || total
-------------------------+-------+-------+-------++-------
Melee: Whip              |    84 |    55 |    47 ||   186
 Cast: Flame Tongue      |    43 |    74 |     5 ||   122
       Sticky Flame      |       |     2 |    14 ||    16
  Use: Scroll            |       |     6 |       ||     6
 Stab: Sleeping          |     2 |     1 |       ||     3
  Eat: Chunk             |     2 |     8 |     6 ||    16
Armor: Robe              |    34 |    29 |    43 ||   106
Dodge: Dodged            |    83 |    67 |    72 ||   222

Table legend:
 A = Non-vault XP
 B = Vault XP
 C = Vault XP percentage of total XP
 D = Non-vault monster count
 E = Vault monster count
 F = Vault count percentage of total count
                 A         B        C        D         E       F
            +---------+---------+-------+---------+---------+-------
      Total |     726 |     674 |  48.1 |      91 |      14 |  13.3
            +---------+---------+-------+---------+---------+-------
        D:1 |      60 |       0 |   0.0 |      28 |       0 |   0.0
        D:2 |      94 |     269 |  74.1 |      17 |       3 |  15.0
        D:3 |      16 |      10 |  38.5 |      10 |       8 |  44.4
        D:4 |     143 |       0 |   0.0 |      20 |       0 |   0.0
        D:5 |     413 |     395 |  48.9 |      16 |       3 |  15.8
            +---------+---------+-------+---------+---------+-------
